 Dungeon Crawl Stone Soup version 0.29-a0-270-g1586fc07ea (webtiles) character file.

Game seed: 5707643725693569466

1593 threed36 the Conjurer (level 8, -3/63 HPs)
             Began as a Green Draconian Conjurer on Mar 7, 2022.
             Was an Initiate of Vehumet.
             Slain by a yak (12 damage)
             ... on level 6 of the Dungeon.
             The game lasted 00:44:26 (7245 turns).

threed36 the Conjurer (Green Draconian Conjurer)    Turns: 7245, Time: 00:44:26

Health: -3/63      AC:  7    Str: 10    XL:     8   Next: 61%
Magic:  7/14       EV: 12    Int: 25    God:    Vehumet [......]
Gold:   263        SH:  0    Dex:  9    Spells: 9/15 levels left

rFire   . . .      SeeInvis .   i - +8 short sword "Teufiss" {vorpal, +Blink Will+ Int+4}
rCold   . . .      Faith    .   (no shield)
rNeg    . . .      Spirit   .   (body armour unavailable)
rPois   +          Reflect  .   (helmet restricted)
rElec   .          Harm     .   (no cloak)
rCorr   .          Rampage  .   (no gloves)
Will    +....                   e - +0 pair of boots
Stlth   ++........              (no amulet)
HPRegen 0.20/turn               s - ring of flight
MPRegen 0.14/turn               (no ring)

@: short of breath, on blink cooldown, flying
A: breathe noxious fumes, AC +6, unfitting armour, poison resistance,
cold-blooded, antennae 1, hooves 1
a: Breathe Noxious Fumes, Renounce Religion, Evoke Blink


You were on level 6 of the Dungeon.
You worshipped Vehumet.
Vehumet was noncommittal.
You visited 2 branches of the dungeon, and saw 8 of its levels.

You collected 263 gold pieces.

Inventory:

Hand Weapons
 b - a +0 club
 i - the +8 short sword "Teufiss" (weapon) {vorpal, +Blink Will+ Int+4}
   (You found it on level 2 of the Dungeon)

   It inflicts extra damage upon your enemies.
   Int:       It affects your intelligence (+4).
   +Blink:    It lets you blink.
   Will:      It increases your willpower.
 r - a +0 flail of holy wrath
Missiles
 g - 98 stones
Armour
 e - a +0 pair of boots (worn)
 w - a scarf of shadows
Jewellery
 s - a ring of flight (left hand)
Scrolls
 c - 3 scrolls of teleportation {unknown}
 d - 2 scrolls of immolation {unknown}
 f - 2 scrolls of amnesia {unknown}
 h - a scroll of vulnerability {unknown}
 k - 5 scrolls of fog {unknown}
 l - a scroll of enchant weapon {unknown}
 n - 3 scrolls of identify {unknown}
 u - a scroll of summoning {unknown}
 v - a scroll of blinking {unknown}
Potions
 a - a potion of magic
 j - a potion of lignification {unknown}
 m - a potion of berserk rage {unknown}
 o - a potion of attraction (quivered) {unknown}
 p - a potion of cancellation
 q - a potion of degeneration {unknown}
 t - a potion of ambrosia {unknown}


   Skills:
 + Level 3.1 Fighting
 * Level 4.3 Short Blades
 + Level 0.1 Maces & Flails
 + Level 4.2 Dodging
 + Level 2.7 Stealth
 + Level 0.2 Unarmed Combat
 + Level 4.3 Spellcasting
 * Level 7.8 Conjurations
 + Level 0.7 Evocations


You had 9 spell levels left.
You knew the following spells:

 Your Spells              Type           Power      Damage    Failure   Level
a - Magic Dart            Conj           100%       1d8       1%          1
b - Searing Ray           Conj           88%        2d7       1%          2
c - Dazzling Flash        Conj/Hex       50%        N/A       5%          3

Your spell library contained the following spells:

 Spells                   Type           Power      Damage    Failure   Level
 Foxfire                  Conj/Fire      100%       2x1d9     1%          1
 Sublimation of Blood     Necr           5%         N/A       14%         2
 Flame Wave               Conj/Fire      25%        2d7       17%         4
 Fulminant Prism          Conj/Hex       12%        3d9       17%         4
 Iskenderun's Mystic Bla  Conj/Tloc      25%        2d7       17%         4
 Borgnjor's Vile Clutch   Necr/Erth      2%         N/A       94%         5


Dungeon Overview and Level Annotations

Branches:
Dungeon (7/15)             Temple (1/1) D:5

Altars:
Ashenzari
Cheibriados
Dithmenos
Elyvilon
Gozag
Hepliaklqana
Makhleb
Nemelex Xobeh
Okawaru
Qazlal
Ru
Trog
Uskayaw
Vehumet
Wu Jian
Xom
Yredelemnul
Zin
The Shining One

Shops:
D:5 :

Annotations:
D:6 Maggie


Innate Abilities, Weirdness & Mutations

You can breathe blasts of noxious fumes.
Your lurid green scales are hard. (AC +6)
You cannot fit into any form of body armour.
Your system is resistant to poisons. (rPois)
You are cold-blooded and may be slowed by cold attacks.
You have a pair of small antennae on your head.
You have large cloven feet.


Message History

There is a stone staircase leading down here.
You fail to use your ability.
The yak misses you.
The yak gores the yak!
The yak gores you!
* * * LOW HITPOINT WARNING * * *
The orc hits you with a +0 club.
* * * LOW HITPOINT WARNING * * *
The orc warrior misses you. The orc hits you with a +0 whip.
* * * LOW HITPOINT WARNING * * *
The orc hits you but does no damage.
You blink.
Maggie misses you.
Aiming: Breathe Noxious Fumes (4% risk of failure)
Press: ? - help, Shift-Dir - straight line, f - orc warrior
Aim: an orc warrior, wielding a +0 short sword and wearing a +0 chain mail (translocational energy, 54% to hit)
You exhale a blast of noxious fumes.
The blast of choking fumes hits the yak!
The yak is severely wounded.
The blast of choking fumes hits the yak.
You kill the yak!
Vehumet accepts your kill.
The blast of choking fumes hits the orc.
The orc is severely wounded.
The blast of choking fumes hits the orc warrior.
The orc warrior is lightly wounded.
Maggie closely misses you.
The yak is engulfed in noxious fumes.
The yak appears confused.
The orc is engulfed in noxious fumes.
The orc appears confused.
The yak is engulfed in noxious fumes.
The yak appears confused.
Maggie misses you.
The yak is engulfed in noxious fumes.
The yak appears confused.
The orc warrior is engulfed in noxious fumes.
The orc warrior appears confused.
You hit the yak but do no damage.
You tail-slap the yak, but do no damage.
The yak is severely wounded.
The yak gores itself!
Maggie mumbles some strange words.
Maggie attempts to bespell you! You resist with almost no effort.
The yak is engulfed in noxious fumes.
The yak appears confused.
The yak gores you!
You die...

#. #. #+# #. #.### .##
#...## ..# . ##....###.##
... #...o.##858#....Y
#°>○oY.@5z.[....z
####oo#Y@#8Y8#...@.
#.....#####.## ..#
##.....## .... .
#.......## .....
#..#.....##.......
#........####..##. .#
#......####.....## ..#
#...#............##.## ...
##..#.....................


You could see Maggie, 2 yaks, an orc warrior (confused), 2 lemures, a wight and
an orc.

Vanquished Creatures
  Grinder (D:4)
  Eustachio (D:6)
  2 yaks (D:6)
  A phantom (D:5)
  A kobold brigand (D:3)
  2 scorpions (D:5)
  8 wights
  3 hounds
  An orc priest (D:6)
  An iguana (D:5)
  Jessica (D:2)
  2 gnolls (D:4)
  5 adders
  2 ufetubi (D:5)
  A worm (D:3)
  2 dart slugs
  4 orcs
  9 ball pythons
  5 endoplasms
  3 goblins
  5 hobgoblins
  2 jackals (D:4)
  3 quokkas
  6 bats
  2 frilled lizards
  3 kobolds
  5 rats
81 creatures vanquished.

Notes
Turn   | Place    | Note
-------+----------+-------------------------------------------
     0 | D:1      | threed36 the Draconian Conjurer began the quest for the
                  | Orb.
     0 | D:1      | Reached XP level 1. HP: 14/14 MP: 3/3
    54 | D:1      | Found a faded altar of an unknown god.
   446 | D:1      | Reached XP level 2. HP: 12/20 MP: 0/5
  1379 | D:2      | Found a burning altar of Makhleb.
  1400 | D:2      | Identified the +8 short sword "Teufiss" {vorpal, +Blink
                  | Will+ Int+4}
  1677 | D:2      | Learned a level 2 spell: Searing Ray
  2150 | D:2      | Noticed Jessica
  2159 | D:2      | Killed Jessica
  2160 | D:2      | Reached XP level 3. HP: 16/26 MP: 0/6
  2508 | D:3      | Reached skill level 5 in Conjurations
  2576 | D:3      | Found an opulent altar of Gozag.
  2598 | D:3      | Reached XP level 4. HP: 33/33 MP: 3/7
  2750 | D:3      | Got Sif Muna's Papyrus of Evil and Combat Magic
  2831 | D:3      | Found a faded altar of an unknown god.
  2832 | D:3      | Found a hazy altar of Hepliaklqana.
  2832 | D:3      | Noticed a kobold brigand
  2866 | D:3      | Killed a kobold brigand
  2867 | D:3      | Reached skill level 1 in Short Blades
  2867 | D:3      | Reached XP level 5. HP: 26/38 MP: 4/8
  3396 | D:4      | Found a white marble altar of Elyvilon.
  3994 | D:5      | Entered Level 5 of the Dungeon
  4232 | D:4      | Reached XP level 6. HP: 10/44 MP: 7/10
  4772 | D:4      | Reached skill level 1 in Fighting
  4958 | D:4      | Noticed Grinder
  4968 | D:4      | Paralysed by Grinder for 3 turns
  5220 | D:4      | Killed Grinder
  5221 | D:4      | Reached skill level 6 in Conjurations
  5221 | D:4      | Your scales start taking on a lurid green colour.
  5221 | D:4      | Reached XP level 7. HP: 53/53 MP: 2/12
  5221 | D:4      | Gained mutation: Your system is resistant to poisons.
                  | (rPois) [Green Draconian growth]
  5253 | D:4      | Learned a level 3 spell: Dazzling Flash
  5837 | D:5      | Gained mutation: You are frail. (-10% HP) [potion of
                  | mutation]
  6067 | D:5      | Lost mutation: You are frail. (-10% HP) [potion of
                  | mutation]
  6067 | D:5      | Gained mutation: You have a pair of small antennae on your
                  | head. [potion of mutation]
  6067 | D:5      | Gained mutation: You have large cloven feet. [potion of
                  | mutation]
  6256 | D:5      | Found Yhile's Self-Improvement Boutique.
  6349 | D:5      | Found a staircase to the Ecumenical Temple.
  6367 | Temple   | Entered the Ecumenical Temple
  6526 | Temple   | Became a worshipper of Vehumet
  6842 | D:6      | Noticed Eustachio
  6888 | D:6      | Killed Eustachio
  6889 | D:6      | Reached skill level 7 in Conjurations
  6889 | D:6      | Reached XP level 8. HP: 17/62 MP: 7/13
  7216 | D:6      | Noticed Maggie
  7245 | D:6      | Slain by a yak

Illustrated notes

Levels and vault maps discovered:
D:1:      heliophobic_arrival_ceremonial_halls, layout_basic,
          ebering_ecumenical_altar_box, wander_ebering_terrifying_dragon_lair
D:2:      layout_basic, basic_altar, nicolae_concentric_dashed_squares_wild,
          uniq_jessica
D:3:      layout_loops_corners, mainiacjoe_overflow_concentric_impassable,
          beargit_hepliaklqana_dungeon_heroes, chequers_serial_rivers_room_b
D:4:      layout_gridville, mainiacjoe_overflow_24_doors, uniq_grinder
D:5:      layout_cave_pools, temple_pool_b, nicolae_shop_self_help
D:6:      layout_cave_pools, chequers_serial_rivers_room_a, serial_park_tiny_1,
          minmay_fountain_box, small_statue_intersection, chequers_jeans,
          uniq_eustachio, uniq_pikel, uniq_maggie
D:7:      layout_rooms, grunt_temple_overflow_open, serial_shops,
          nicolae_shop_bloodbath_and_beyond, minivault_11
Temple:   nicolae_temple_x_marks_the_god

Skill      XL: |  1  2  3  4  5  6  7  8 |
---------------+-------------------------+-----
Dodging        | 2 3 4 |  4.2
Stealth        | 2 |  2.7
Conjurations   | 5 6 7 |  7.8
Short Blades   | 1 3 4 |  4.3
Fighting       | 1 2 3 |  3.1
Spellcasting   | 3 4 |  4.3
Maces & Flails | |  0.1
Unarmed Combat | |  0.2
Evocations     | |  0.7

Action                   |  1- 3 |  4- 6 |  7- 9 || total
-------------------------+-------+-------+-------++-------
Melee: Club              |    14 |       |       ||    14
       Tailslap          |     3 |     4 |     5 ||    12
       Unarmed           |     1 |       |       ||     1
       Short sword       |     7 |    34 |    42 ||    83
       Punch             |       |       |     1 ||     1
 Cast: Magic Dart        |    42 |    68 |    48 ||   158
       Searing Ray       |     3 |     3 |     6 ||    12
 Abil: Evoke Blink       |       |     2 |     2 ||     4
       Breathe Noxious F |       |       |     5 ||     5
  Use: Potion            |       |     1 |     3 ||     4
Armor: Skin              |    25 |    39 |    44 ||   108
Dodge: Dodged            |    25 |    66 |   102 ||   193

Table legend: (Time is in decaauts)
 A = Elapsed time spent in this place.
 B = Non-inter-level travel time spent in this place.
 C = Inter-level travel time spent in this place.
 D = Time resting spent in this place.
 E = Time spent auto-exploring this place.
 F = Levels seen in this place.
 G = Mean time per level.
                   A        B        C        D        E       F      G
               +--------+--------+--------+--------+--------+-----+--------+
         Total |   7253 |   7140 |    113 |   2038 |      0 |   8 |  906.6 |
       Dungeon |   7082 |   6969 |    113 |   2038 |      0 |   7 | 1011.7 |
        Temple |    170 |    170 |      0 |      0 |      0 |   1 |  170.0 |
               +--------+--------+--------+--------+--------+-----+--------+

Top non-repeatable levels by time:
     D:5: 1659 daAuts
     D:4: 1405 daAuts
     D:1: 1302 daAuts
     D:2: 1187 daAuts
     D:3: 1103 daAuts
     D:6: 422 daAuts
  Temple: 170 daAuts
     D:7: 1 daAuts
